 Dungeon Crawl Stone Soup version 0.27.1-4-g1640c2035a (webtiles) character file.

Game seed: 595282079596534766

3771 DearestLeader the Cleaver (level 9, -10/74 HPs)
             Began as a Minotaur Fighter on Nov 2, 2021.
             Mangled by an orc warrior (14 damage)
             ... in a bailey.
             The game lasted 00:12:57 (7899 turns).

DearestLeader the Cleaver (Minotaur Fighter)        Turns: 7899, Time: 00:12:57

Health: -10/74     AC: 14    Str: 24    XL:     9   Next: 94%
Magic:  8/8        EV:  8    Int:  6    God:
Gold:   203        SH: 12    Dex:  9    Spells: 8/8 levels left

rFire    . . .     SeeInvis .   s - +0 hand axe (flame)
rCold    . . .     Faith    .   c - +0 kite shield
rNeg     . . .     Spirit   .   l - +0 chain mail
rPois    .         Reflect  .   n - +2 hat
rElec    .         Harm     .   k - +0 cloak
rCorr    .         Rampage  .   (no gloves)
Will     +....                  A - +0 pair of boots
Stlth    ..........             (no amulet)
HPRegen  0.22/turn              m - ring of willpower
MPRegen  0.11/turn              (no ring)

@: about to teleport
A: horns 2, retaliatory headbutt
a: no special abilities


You were in a bailey.
You visited 1 branch of the dungeon, and saw 7 of its levels.
You also visited: Bailey.

You collected 203 gold pieces.

Inventory:

Hand Weapons
 a - a +0 war axe
 q - a +0 hand crossbow
 s - a +0 hand axe of flaming (weapon)
 C - a +4 trident of protection
Missiles
 f - 54 sling bullets
 x - 2 silver javelins (quivered)
Armour
 c - a +0 kite shield (worn)
 k - a +0 cloak (worn)
 l - a +0 chain mail (worn)
 n - a +2 hat (worn)
 A - a +0 pair of boots (worn)
Jewellery
 m - a ring of willpower (left hand)
Wands
 r - a wand of acid (6)
 y - a wand of paralysis (10)
Scrolls
 e - a scroll of immolation
 i - a scroll of identify
 j - a scroll of magic mapping {unknown}
 w - a scroll of teleportation
 B - a scroll of fog {unknown}
Potions
 b - 2 potions of heal wounds
 d - a potion of might
 g - 5 potions of curing
 o - a potion of flight {unknown}
 p - a potion of berserk rage {unknown}
 t - a potion of brilliance {unknown}
 u - 2 potions of cancellation {unknown}
 v - a potion of degeneration {unknown}
 z - a potion of attraction {unknown}


   Skills:
 + Level 5.1 Fighting
 * Level 12.4 Axes
 - Level 6.0 Armour
 + Level 4.0 Dodging
 + Level 9.5 Shields


You had 8 spell levels left.
You didn't know any spells.
Your spell library contained the following spells:

 Spells                   Type           Power      Damage    Failure   Level
 Animate Skeleton         Necr           0%         N/A       100%        1
 Pain                     Necr           0%         1d4       100%        1
 Vampiric Draining        Necr           0%         2d6       100%        3


Dungeon Overview and Level Annotations

Branches:
Dungeon (7/15)             Bailey (1/1)
 Temple: D:4-7

Altars:
Dithmenos

Shops:
D:3 *


Innate Abilities, Weirdness & Mutations

You have a pair of horns on your head.
You reflexively headbutt those who attack you in melee.


Message History

You barely miss the hobgoblin. You closely miss the orc warrior.
You barely miss the orc warrior.
The hobgoblin hits you with a +0 hand axe.
The orc warrior hits you with a +0 war axe!!
* * * LOW HITPOINT WARNING * * *
The hobgoblin hits you but does no damage.
An orc knight comes into view. It is wielding a +0 war axe.
An orc comes into view. It is wielding a +0 hand axe.
The orc knight roars a battlecry!
The orc goes into a battle-frenzy!
You block the hobgoblin's attack.
The orc shouts!
Things that are here:
a +0 hand axe; a +0 leather armour You hear a shout! x3
The hobgoblin hits you but does no damage.
An orc comes into view. It is wielding a +0 hand axe.
The orc warrior no longer looks unusually strong.
An orc warrior comes into view. It is wielding a +0 hand axe.
You block the hobgoblin's attack.
As you read the scroll labelled XORINO LEMY, it crumbles to dust.
It is a scroll of amnesia.
You feel forgetful for a moment. The orc warrior barely misses you.
You furiously retaliate!
You headbutt the orc warrior.
Flame seeps out of the orc warrior.
The hobgoblin hits you but does no damage.
You block the hobgoblin's attack. You block the orc warrior's attack.
The orc warlord roars a battlecry!
The orc warrior goes into a battle-frenzy!
You hear a shout!
As you read the scroll labelled REJU SEDAMEDAE, it crumbles to dust.
You feel strangely unstable.
It was a scroll of teleportation.
The orc warrior is engulfed in blazing flames.
Flame seeps out of the orc warrior.
The orc warrior drinks a potion.
The orc warrior is healed!
You block the orc's attack. The hobgoblin barely misses you.
The hobgoblin hits you with a +0 hand axe!
* * * LOW HITPOINT WARNING * * *
The orc warrior hits you with a +0 war axe!
You die...

...? .... .....
..... .⌠....
#######
....o.##.....##
.....oo.......#
##)o.....##
#.)g@.....#
##..goo....##
#...)o).....#
##.........##
#...).....#
##.......##
#....)..#
##..)))##
####)##


You could see an orc warlord (inner flame), an orc knight, 3 orc warriors, 2
orcs and 2 hobgoblins.

Vanquished Creatures
  An orc knight (Bailey)
  Sigmund (D:6)
  5 orc warriors (Bailey)
  2 water moccasins (D:5)
  2 ice beasts
  A sky beast (D:5)
  3 black bears
  An ogre (D:4)
  A phantom (D:5)
  A centaur (D:6)
  3 bullfrogs
  A gnoll sergeant (D:7)
  3 scorpions (D:5)
  A water moccasin zombie (D:5)
  A wyvern skeleton (D:7)
  2 water moccasin skeletons
  3 killer bees (D:4)
  2 bullfrog zombies
  4 orc priests
  4 hounds
  A centaur skeleton (D:6)
  A gnoll shaman (D:5)
  An iguana (D:5)
  4 orc wizards
  18 gnolls
  6 adders
  A white imp (D:5)
  An ufetubus (D:5)
  2 worms
  3 dart slugs (D:4)
  25 orcs
  6 bats
  7 endoplasms
  7 giant cockroaches
  25 goblins
  21 hobgoblins
  15 jackals
  9 kobolds
  6 quokkas
  5 ball pythons
  3 frilled lizards
  4 rats
213 creatures vanquished.

Vanquished Creatures (others)
  An orc wizard (D:3)
1 creature vanquished.

Grand Total: 214 creatures vanquished

Notes
Turn   | Place    | Note
-------+----------+-------------------------------------------
     0 | D:1      | DearestLeader the Minotaur Fighter began the quest for the
                  | Orb.
     0 | D:1      | Reached XP level 1. HP: 19/19 MP: 0/0
   151 | D:1      | Found a faded altar of an unknown god.
   252 | D:1      | Reached XP level 2. HP: 27/27 MP: 1/1
   334 | D:1      | Reached skill level 3 in Axes
   957 | D:2      | Reached XP level 3. HP: 30/33 MP: 2/2
  1722 | D:3      | Reached skill level 4 in Axes
  1733 | D:3      | Reached XP level 4. HP: 40/40 MP: 3/3
  2037 | D:3      | Found a shadowy altar of Dithmenos.
  2182 | D:3      | Reached XP level 5. HP: 42/46 MP: 4/4
  2602 | D:3      | Found Halehedgh's General Store.
  2609 | D:3      | Reached skill level 5 in Axes
  2921 | D:4      | Noticed an ogre
  2929 | D:4      | Killed an ogre
  2930 | D:4      | Reached skill level 5 in Shields
  2930 | D:4      | Reached XP level 6. HP: 27/52 MP: 5/5
  3223 | D:4      | Reached skill level 5 in Armour
  3236 | D:4      | Reached skill level 6 in Axes
  3687 | D:4      | Reached XP level 7. HP: 27/60 MP: 6/6
  4385 | D:5      | Entered Level 5 of the Dungeon
  4394 | D:5      | Reached skill level 5 in Fighting
  4566 | D:5      | Reached skill level 7 in Axes
  4880 | D:5      | Reached skill level 8 in Axes
  4976 | D:5      | Reached XP level 8. HP: 66/68 MP: 7/7
  5081 | D:5      | Reached skill level 9 in Axes
  5164 | D:5      | Reached skill level 10 in Axes
  6006 | D:5      | Noticed a troll
  6157 | D:6      | Noticed Sigmund
  6162 | D:6      | Killed Sigmund
  6163 | D:6      | Reached XP level 9. HP: 74/74 MP: 8/8
  6264 | D:6      | Reached skill level 11 in Axes
  6264 | D:6      | Reached skill level 1 in Dodging
  7007 | D:7      | Found a flagged portal.
  7053 | Bailey   | Entered a bailey
  7502 | Bailey   | Noticed an orc knight
  7529 | Bailey   | Killed an orc knight
  7530 | Bailey   | Reached skill level 12 in Axes
  7874 | Bailey   | Noticed an orc warlord
  7895 | Bailey   | Noticed an orc knight
  7899 | Bailey   | Mangled by an orc warrior

Illustrated notes

Levels and vault maps discovered:
D:1:      minmay_arrival_four_loops, layout_basic, basic_ecumenical_altar
D:2:      layout_loops_ring, kennysheep_generic_room_4
D:3:      layout_basic, grunt_dithmenos_smoke_and_mirrors, serial_shops,
          nicolae_square_shop, st_stairs_9
D:4:      layout_loops_corners, kennysheep_doodads
D:5:      layout_basic, nzn_random_ring
D:6:      layout_basic, uniq_sigmund
D:7:      layout_basic, temple_green, enter_bailey_5, uniq_harold, uniq_maggie,
          uniq_joseph
Bailey:   bailey_axe_minmay_hex_keep, bailey

Skill      XL: |  1  2  3  4  5  6  7  8  9 |
---------------+----------------------------+-----
Axes           | 3 4 5 6 8 10 12 | 12.4
Fighting       | 4 5 |  5.1
Shields        | 4 5 6 8 9 |  9.5
Armour         | 4 5 6 |  6.0
Dodging        | 4 |  4.0

Action                   |  1- 3 |  4- 6 |  7- 9 || total
-------------------------+-------+-------+-------++-------
Melee: War axe           |    98 |   140 |     6 ||   244
       Headbutt          |     9 |    23 |    78 ||   110
       Hand axe          |       |       |   414 ||   414
  Use: Scroll            |       |       |     5 ||     5
       Potion            |       |       |     2 ||     2
Armor: Scale mail        |    50 |       |       ||    50
       Chain mail        |     7 |    98 |   175 ||   280
Dodge: Dodged            |    26 |    35 |    79 ||   140
Block: Kite shield       |    57 |    75 |   219 ||   351
